Map: Catalyst LE

Players

Snute

  • Race: Zerg Zerg
  • Spawn Location: 5:00

Yours - Winner!

  • Race: Zerg Zerg
  • Spawn Location: 11:00

Event: WCS Leipzig 2018

VOD

Have the link to the VOD?

Description

Time

  • Played on: Jan. 26, 2018, 2:52 p.m.
  • Length: 3:53

All games in this series

Show
View Real Time Build Order
Export as new Build Order

Snute Zerg 

Build Orders: Pool First 

Get SALT Encoding   

  12  0:00  Drone  
  13  0:12  Overlord  
  13  0:17  Drone  
  14  0:30  Drone x2  
  16  0:35  Extractor  
  15  0:43  Spawning Pool  
  15  0:46  Drone  
  15  0:50  Drone  
  15  0:56  Drone  
  17  1:18  Hatchery  
  16  1:29  Queen  
  18  1:37  Metabolic Boost  
  18  1:41  Zergling x2  
  18  1:44  Zergling x2  
  20  1:48  Zergling x2  
  20  1:52  Zergling x2  
  22  2:00  Extractor  
  21  2:03  Zergling x2  
  23  2:19  Overlord  
  23  2:23  Spine Crawler  
  21  2:30  Queen  
  25  2:42  Queen  
  25  2:49  Zergling x2  
  25  2:50  Zergling x2  
  27  2:58  Zergling x4  
  27  3:08  Zergling x6  
  27  3:12  Zergling x2  
  25  3:21  Zergling x4  
  25  3:25  Zergling x2  
Show
View Real Time Build Order
Export as new Build Order

Yours Zerg - Winner!

Build Orders: 1 Base Baneling Bust, Pool Only 

Get SALT Encoding   

  12  0:18  Spawning Pool  
  11  0:22  Drone  
  11  0:26  Drone  
  13  0:31  Drone  
  14  0:36  Extractor  
  13  0:44  Overlord  
  13  1:05  Zergling x6  
  13  1:08  Queen  
  18  1:17  Zergling x2  
  19  1:27  Zergling x2  
  20  1:37  Metabolic Boost  
  20  1:38  Zergling x2  
  21  1:50  Overlord  
  21  1:58  Baneling Nest  
  21  1:59  Zergling x2  
  21  2:12  Zergling x2  
  22  2:18  Zergling x4  
  24  2:25  Zergling x4  
  26  2:42  Baneling x3  
  26  2:45  Baneling  
  26  2:47  Zergling x4  
  28  3:09  Zergling x6  
  28  3:12  Baneling  
  27  3:20  Zergling x4  
  27  3:28  Zergling x2  
  25  3:35  Zergling x2  
Tags
 
Add a new tag
Caveats
  • Supply blocks, unpowered buildings, or Contaminate may cause inaccurate times.
  • Supply counts are checked every 10 seconds.